 Dungeon Crawl Stone Soup version 0.31-a0-344-gd109795599 (webtiles) character file.

Game seed: 15616786690092738343

51 garrulousMonolith the Changeling (level 3, -2/23 HPs)
             Began as an Octopode Shapeshifter on July 21, 2023.
             Slain by a goblin
             ... wielding a +0 dagger
             ... led by Robin
              (6 damage)
             ... on level 2 of the Dungeon.
             The game lasted 00:01:41 (1529 turns).

garrulousMonolith the Changeling (OpSh)             Turns: 1529, Time: 00:01:41

Health: -2/23      AC:  1    Str: 14    XL:     3   Next: 81%
Magic:  3/3        EV: 13    Int: 10    God:
Gold:   85         SH:  0    Dex: 14    Spells: 2/2 levels left

rFire   . .          .
                       - Unarmed
rCold   . . .        (no shield)
rNeg    . . .        (helmet currently unavailable)
rPois   .            (no amulet)
rElec   .            (no ring)
rCorr   .            (no ring)
SInv    .            (no ring)
Will    .....        (no ring)
Stlth   +++          (no ring)
HPRegen 0.23/turn    (no ring)
MPRegen 0.08/turn    (no ring)
                     (no ring)

%: no passive effects
@: beast-form
A: beast (slay +2), almost no armour, amphibious, 8 rings, camouflage 1,
gelatinous body 1, (nimble swimmer 1), tentacles
a: Begin Untransformation


You were on level 2 of the Dungeon.
You were a hulking beast.
You visited 1 branch of the dungeon, and saw 3 of its levels.

You collected 85 gold pieces.

Inventory:

Missiles
 h - 3 silver javelins
 i - 6 boomerangs
Jewellery
 o - a ring of protection from cold
Talismans
 b - a beast talisman
 d - a blade talisman
Scrolls
 e - a scroll of fog {unknown}
 f - 2 scrolls of identify {unknown}
 k - 2 scrolls of immolation {unknown}
 n - a scroll of blinking {unknown}
Potions
 a - a potion of lignification
 c - a potion of invisibility {unknown}
 g - a potion of heal wounds {unknown}
 j - a potion of degeneration {unknown}
 l - a potion of attraction {unknown}
 m - 2 potions of haste {unknown}
 p - a potion of resistance {unknown}


   Skills:
 + Level 1.4 Fighting
 + Level 2.4 Dodging
 + Level 1.3 Stealth
 * Level 3.4 Unarmed Combat
 * Level 3.4 Shapeshifting


You had 2 spell levels left.
You didn't know any spells.
Your spell library contained the following spells:

 Spells                   Type           Power      Damage    Failure   Level
 Call Canine Familiar     Summ           0%         N/A       75%         3
 Portal Projectile        Hex/Tloc       0%         N/A       75%         3
 Leda's Liquefaction      Hex/Erth       0%         N/A       98%         4


Dungeon Overview and Level Annotations

Branches:
Dungeon (3/15)

Altars:
Vehumet

Annotations:
D:3 Robin


Innate Abilities, Weirdness & Mutations

You are a hulking beast.
Your limbs bulge with bestial killing power. (Slay +2)
You cannot wear most types of armour.
You are amphibious.
You can wear up to eight rings at the same time.
Your skin changes colour to match your surroundings (Stealth+).
Your rubbery body absorbs attacks. (AC +1, EV +1)
((You are camouflaged when in or above water. (Stealth+)))
You have tentacles for arms and can constrict up to eight enemies at once.


Message History

The goblin moves out of view.
You hear a shout!
The goblin shouts!
You hear a shout!
A goblin comes into view. It is wielding a +0 club.
The goblin shouts! x3
Robin laughs in a distinctly smug fashion.
The goblin barely misses you.
A goblin comes into view. It is wielding a +0 dagger.
You closely miss the goblin.
The goblin shouts!
You grab the goblin. You constrict the goblin. Robin throws the goblin at you!
The goblin misses you.
A goblin comes into view. It is wielding a +0 club.
The goblin completely misses you.
You barely miss the goblin. You squeeze the goblin.
You kill the goblin!
Robin throws the goblin at you! The goblin hits you with a +0 dagger.
The goblin hits you with a +0 club.
A goblin comes into view. It is wielding a +0 dagger.
You are too injured to fight recklessly!
You are too injured to fight recklessly!
You are too injured to fight recklessly!
You are too injured to fight recklessly!
The goblin attacks as you move away! The goblin hits you with a +0 dagger.
The goblin hits you with a +0 club. The goblin attacks as you move away!
The goblin misses you.
Robin roars a battlecry!
The goblins go into a battle-frenzy!
The goblin hits you with a +0 club. The goblin completely misses you.
There is a stone staircase leading up here.
Robin throws the goblin at you!
The goblin hits you with a +0 dagger of venom.
* * * LOW HITPOINT WARNING * * *
The goblin closely misses you. x2; The goblin hits you but does no damage.
You climb upwards.
There is a stone staircase leading down here.
You tentacle-slap the goblin. Your grab misses the goblin.
The goblin is severely wounded.
The goblin barely misses you. The goblin misses you.
The goblin hits you with a +0 dagger.
You die...

#.).......# #.#
#.(.....#.## #.#
######.......#..######.#
##.......))...#####.....#
##....<........## ##.#####
#........)......###.......
#...............##...#####
#.......g.......#..#.#
#........h..)........#
#........gg.......####
#..>............###
##.............##
##.....#.....##
#############


You could see 3 goblins.

Vanquished Creatures
  An adder (D:2)
  A dart slug (D:1)
  4 bats
  3 endoplasms (D:2)
  2 giant cockroaches
  6 goblins
  5 hobgoblins
  3 quokkas
  5 ball pythons
  2 frilled lizards
  2 kobolds
  2 rats (D:1)
36 creatures vanquished.

Notes
Turn   | Place    | Note
-------+----------+-------------------------------------------
     0 | D:1      | garrulousMonolith the Octopode Shapeshifter began the quest
                  | for the Orb.
     0 | D:1      | Reached XP level 1. HP: 13/13 MP: 1/1
   180 | D:1      | Found a faded altar of an unknown god.
   267 | D:1      | Reached XP level 2. HP: 18/18 MP: 2/2
  1013 | D:2      | Reached skill level 1 in Stealth
  1013 | D:2      | Reached XP level 3. HP: 20/23 MP: 3/3
  1413 | D:3      | Found a radiant altar of Vehumet.
  1521 | D:3      | Noticed Robin
  1529 | D:2      | Slain by a goblin

Illustrated notes

Levels and vault maps discovered:
D:1:      psy_arrival_spokes, layout_basic, ebering_ecumenical_altar_rust,
          minmay_tetromino_t4
D:2:      layout_rooms
D:3:      layout_loops_ring, nicolae_vehumet_altar_sigil, serial_shops, shop,
          uniq_robin, uniq_sigmund, uniq_natasha

Skill      XL: |  1  2 |
---------------+-------+-----
Stealth        | 1 |  1.3
Fighting       | |  1.4
Dodging        | |  2.4
Unarmed Combat | |  3.4
Shapeshifting  | |  3.4

Action                     || total
---------------------------++-------
  Melee: Unarmed           ||    58
         Constrict         ||    17
         Tentacles         ||     9
         Punch             ||     1
   Stab: Sleeping          ||     5
 Armour: Skin              ||     3
  Dodge: Dodged            ||    45

Table legend: (Time is in decaauts)
 A = Elapsed time spent in this place.
 B = Non-inter-level travel time spent in this place.
 C = Inter-level travel time spent in this place.
 D = Time resting spent in this place.
 E = Time spent auto-exploring this place.
 F = Levels seen in this place.
 G = Mean time per level.
                   A        B        C        D        E       F      G
               +--------+--------+--------+--------+--------+-----+--------+
         Total |   1525 |   1382 |    143 |     84 |   1092 |   3 |  508.3 |
       Dungeon |   1525 |   1382 |    143 |     84 |   1092 |   3 |  508.3 |
               +--------+--------+--------+--------+--------+-----+--------+

Top non-repeatable levels by time:
     D:1: 903 daAuts
     D:2: 458 daAuts
     D:3: 163 daAuts
